 Dungeon Crawl Stone Soup version 0.31-a0-965-g8a8ce12e04 (console) character file.

Game seed: 10215208472737935462

46 rlgrobin the Firebug (level 4, -4/33 HPs)
             Began as a Meteoran Fire Elementalist on Oct 26, 2023.
             Slain by an iguana (13 damage)
             ... on level 3 of the Dungeon.
             The game lasted 00:03:15 (412 turns).

rlgrobin the Firebug (Meteoran Fire Elementalist)    Turns: 412, Time: 00:03:16

Health: -4/33      AC:  2    Str:  9    XL:     4   Next: 15%
Magic:  5/10       EV: 12    Int: 19    God:
Gold:   37         SH:  0    Dex: 14    Spells: 7/10 levels left

rFire   . . .        e - +0 short sword
rCold   . . .        (no shield)
rNeg    . . .        a - +0 robe
rPois   .            (no helmet)
rElec   .            (no cloak)
rCorr   .            (no gloves)
SInv    .            (no boots)
Will    .....        (no amulet)
Stlth   +            (no ring)
HPRegen 0.25/turn    (no ring)
MPRegen 0.12/turn

%: no passive effects
@: glowing
A: sense surroundings 1, otherworldly, glowing, explore regen
a: no special abilities


You were on level 3 of the Dungeon.
You visited 1 branch of the dungeon, and saw 4 of its levels.

You collected 37 gold pieces.

Inventory:

Hand Weapons
 e - a +0 short sword (weapon)
Armour
 a - a +0 robe (worn)
Scrolls
 c - a scroll of identify {unknown}
 d - 2 scrolls of teleportation {unknown}
 f - a scroll of amnesia {unknown}
 h - 2 scrolls of fear {unknown}
 i - a scroll of brand weapon {unknown}
 j - a scroll of torment {unknown}
Potions
 b - a potion of magic
 g - 2 potions of curing {unknown}
 k - 2 potions of invisibility {unknown}


   Skills:
 - Level 2.1 Dodging
 - Level 1.4 Stealth
 + Level 3.8 Spellcasting
 + Level 1.9 Conjurations
 + Level 4.5 Fire Magic


You had 7 spell levels left.
You knew the following spells:

 Your Spells              Type           Power      Damage    Failure   Level
a - Foxfire               Conj/Fire      60%        2x1d7     3%          1
b - Scorch                Fire           40%        2d6       3%          2

Your spell library contained the following spells:

 Spells                   Type           Power      Damage    Failure   Level
 Necrotise                Necr           12%        1d4       14%         1
 Inner Flame              Hex/Fire       12%        N/A       17%         3
 Volatile Blastmotes      Fire/Tloc      24%        2d12      17%         3
 Flame Wave               Conj/Fire      15%        2d7       36%         4
 Vampiric Draining        Necr           3%         2d6       38%         3
 Agony                    Necr           3%         N/A       98%         5


Dungeon Overview and Level Annotations

Branches:
Dungeon (4/15) Zot: 1987
 Temple: D:4-7

Altars:

Annotations:
D:2 Robin


Innate Abilities, Weirdness & Mutations

You passively map a small area around you.
You are easily found by Zot.
You glow in the dark.
You regain HP and MP as you explore.


Message History

The iguana bites you!
* * * LOW HITPOINT WARNING * * *
Casting: Foxfire (safe; 3% risk of failure)
Confirm with . or Enter, or press ? or * to list all spells.
You conjure some foxfire!
The iguana barely misses you.
The foxfire hits the iguana but does no damage.
The foxfire hits the iguana.
The iguana is lightly wounded.
Casting: Foxfire (safe; 3% risk of failure)
Confirm with . or Enter, or press ? or * to list all spells.
You conjure some foxfire!
The iguana bites you.
Found an escape hatch in the floor.
The foxfire hits the iguana.
The iguana is moderately wounded.
The foxfire hits the iguana but does no damage.
The iguana is moderately wounded.
Casting: Foxfire (safe; 3% risk of failure)
Confirm with . or Enter, or press ? or * to list all spells.
You conjure some foxfire!
The iguana barely misses you.
The foxfire hits the iguana.
The iguana is heavily wounded.
The foxfire hits the iguana.
The iguana is heavily wounded.
The iguana bites you.
* * * LOW HITPOINT WARNING * * *
Casting: Foxfire (safe; 3% risk of failure)
Confirm with . or Enter, or press ? or * to list all spells.
You conjure some foxfire!
The iguana barely misses you.
The foxfire hits the iguana.
The iguana is severely wounded.
The iguana attacks as it pursues you! The iguana bites you!
* * * LOW HITPOINT WARNING * * *
Found 4 gold pieces.
The foxfire hits the iguana but does no damage.
The iguana is severely wounded.
The iguana attacks as it pursues you!
The iguana bites you but does no damage.
Casting: Foxfire (safe; 3% risk of failure)
Confirm with . or Enter, or press ? or * to list all spells.
You conjure some foxfire!
The iguana bites you!
You die...

##### #....# ### #....#
... ###....# * *
)..#####......# ####* ,
, .........#....# $..,
..............###.#
....#.### #...vv.######
....#...#####..l@......#
,
###...........########.#
#....##........#
..#.##########.# * * , *
###.# ... * , ....#
###.> ##### #. *


You could see an iguana (ally target).

Vanquished Creatures
  A dart slug (D:3)
  3 orcs (D:3)
  6 ball pythons
  4 endoplasms
  2 giant cockroaches (D:1)
  6 hobgoblins
  6 goblins
  A kobold (D:1)
  8 rats
37 creatures vanquished.

Vanquished Creatures (others)
  85 foxfires
85 creatures vanquished.

Grand Total: 122 creatures vanquished

Notes
Turn   | Place    | Note
-------+----------+-------------------------------------------
     0 | D:1      | rlgrobin the Meteoran Fire Elementalist began the quest for
                  | the Orb.
     0 | D:1      | Reached XP level 1. HP: 14/14 MP: 5/5
    37 | D:1      | Reached XP level 2. HP: 20/20 MP: 1/7
    69 | D:1      | Reached skill level 4 in Fire Magic
   105 | D:2      | Noticed Robin
   122 | D:1      | Reached XP level 3. HP: 24/26 MP: 2/8
   131 | D:1      | Learned a level 2 spell: Scorch
   361 | D:3      | Reached XP level 4. HP: 33/33 MP: 5/10
   412 | D:3      | Slain by an iguana

Illustrated notes

Levels and vault maps discovered:
D:1:      psy_arrival_dodecagon, layout_loops_ring
D:2:      layout_rooms, basic_altar, uniq_robin
D:3:      layout_rooms, grunt_ministairs_10
D:4:      layout_loops_corners, nicolae_ru_the_path_less_chosen, serial_shops,
          nicolae_shop_tiny_statue_garden, kennysheep_minor_cross,
          kennysheep_small_square, uniq_duvessa, uniq_menkaure

Skill      XL: |  1  2 |
---------------+-------+-----
Spellcasting   | 3 |  3.8
Fire Magic     | 4 |  4.5
Dodging        | |  2.1
Stealth        | |  1.4
Conjurations   | |  1.9

Action                     |  1- 3 |  4- 6 || total
---------------------------+-------+-------++-------
  Melee: Short sword       |     2 |     1 ||     3
   Cast: Foxfire           |    39 |     9 ||    48
 Armour: Robe              |     7 |     7 ||    14
  Dodge: Dodged            |    16 |     5 ||    21

Table legend: (Time is in decaauts)
 A = Elapsed time spent in this place.
 B = Non-inter-level travel time spent in this place.
 C = Inter-level travel time spent in this place.
 D = Time resting spent in this place.
 E = Time spent auto-exploring this place.
 F = Levels seen in this place.
 G = Mean time per level.
                   A        B        C        D        E       F      G
               +--------+--------+--------+--------+--------+-----+--------+
         Total |    412 |    412 |      0 |      0 |      0 |   4 |  103.0 |
       Dungeon |    412 |    412 |      0 |      0 |      0 |   4 |  103.0 |
               +--------+--------+--------+--------+--------+-----+--------+

Top non-repeatable levels by time:
     D:1: 194 daAuts
     D:3: 142 daAuts
     D:2: 48 daAuts
     D:4: 27 daAuts
